 Dungeon Crawl Stone Soup version 0.32-a0-576-g706899e69d (webtiles) character file.

Game seed: 6421563867938429381

53 CougarLife the Digger (level 3, -3/19 HPs)
             Began as a Gargoyle Earth Elementalist on Mar 1, 2024.
             Was an Initiate of Vehumet.
             Slain by a gnoll
             ... wielding a +0 flail
              (5 damage)
             ... on level 2 of the Dungeon.
             The game lasted 00:01:31 (1714 turns).

CougarLife the Digger (Gargoyle Earth Elementalist) Turns: 1714, Time: 00:01:31

Health: -3/19      AC:  7    Str: 11    XL:     3   Next: 89%
Magic:  0/7        EV: 11    Int: 17    God:    Vehumet [......]
Gold:   71         SH:  0    Dex: 10    Spells: 3/7 levels left

rFire   . . .        d - +2 dagger (flame)
rCold   . . .        (no shield)
rNeg    + . .        a - +0 robe
rPois   ∞            (no helmet)
rElec   +            l - +1 cloak
rCorr   .            (no gloves)
SInv    .            (no boots)
Will    .....        (no amulet)
Stlth   ++           (no ring)
HPRegen 0.23/turn    (no ring)
MPRegen 0.10/turn

%: no passive effects
@: no status effects
A: sickness immunity, AC +3, negative energy resistance 1, electricity
resistance, torment resistance 1, petrification resistance
a: Renounce Religion


You were on level 2 of the Dungeon.
You worshipped Vehumet.
Vehumet was noncommittal.
You visited 1 branch of the dungeon, and saw 3 of its levels.

You collected 93 gold pieces.
You spent 22 gold pieces at shops.

Inventory:

Hand Weapons
 d - a +2 dagger of flaming (weapon)
Armour
 a - a +0 robe (worn)
 l - a +1 cloak (worn)
Jewellery
 i - a ring of fire
Scrolls
 c - a scroll of silence {unknown}
 e - a scroll of identify
 f - a scroll of teleportation {unknown}
 h - a scroll of noise {unknown}
 m - a scroll of vulnerability {unknown}
Potions
 b - a potion of magic
 g - a potion of ambrosia {unknown}
 j - a potion of curing {unknown}
 k - a potion of resistance {unknown}


   Skills:
 - Level 1.5 Dodging
 - Level 2.1 Stealth
 + Level 2.7 Spellcasting
 + Level 2.3 Conjurations
 + Level 4.4 Earth Magic


You had 3 spell levels left.
You knew the following spells:

 Your Spells              Type           Power      Damage    Failure   Level
a - Sandblast             Erth           34%        2d9       3%          1
b - Stone Arrow           Conj/Erth      26%        3d8       14%         3

Your spell library contained the following spells:

 Spells                   Type           Power      Damage    Failure   Level
 Passwall                 Erth           17%        N/A       9%          3
 Brom's Barrelling Bould  Conj/Erth      13%        2d4       41%         4
 Petrify                  Alch/Erth      9%         N/A       58%         4
 Summon Blazeheart Golem  Fire/Summ      2%         N/A       87%         4
 Orb of Destruction       Conj           5%         9d5       100%        7
 Spellforged Servitor     Conj/Summ      3%         N/A       100%        7


Dungeon Overview and Level Annotations

Branches:
Dungeon (3/15)

Altars:
Vehumet

Shops:
D:1 ?


Innate Abilities, Weirdness & Mutations

You are immune to sickness and miasma.
Your stone body is resilient. (AC +3)
You are immune to poison.
You resist negative energy. (rN+)
You are resistant to electric shocks. (rElec)
You are resistant to unholy torment.
You are immune to petrification.


Message History

There are monsters nearby!
Casting: Sandblast (safe; 3% risk of failure)
Confirm with . or Enter, or press ? or * to list all spells.
Aiming: Stone Arrow (extremely dangerous; 14% risk of failure)
Press: ? - help, Shift-Dir - straight line, f/p - gnoll
Aim: a gnoll, wielding a +0 spear (heavily wounded, 72% to hit)
The stone arrow misses the gnoll.
The stone arrow hits the gnoll!!
You kill the gnoll!
Vehumet accepts your kill.
You hear a shout!
The gnoll hits you from afar with a +0 spear.
The gnoll closely misses you.
You climb upwards.
There is a stone staircase leading down here.
You climb downwards.
There is a stone staircase leading up here.
The gnoll hits you with a +0 flail. The gnoll hits you but does no damage.
You climb upwards.
There is a stone staircase leading down here.
A gnoll is nearby!
Casting: Stone Arrow (extremely dangerous; 14% risk of failure)
Confirm with . or Enter, or press ? or * to list all spells.
Aiming: Sandblast (safe; 3% risk of failure)
Press: ? - help, Shift-Dir - straight line, f - gnoll
Aim: a gnoll, wielding a +0 flail (84% to hit)
The blast of sand hits the gnoll.
The gnoll is heavily wounded.
The gnoll hits you with a +0 flail. The gnoll barely misses you.
You closely miss the gnoll.
The gnoll is heavily wounded.
The gnoll closely misses you.
You hit the gnoll. You burn the gnoll.
The gnoll is severely wounded.
The gnoll hits you with a +0 flail!
Ouch! That really hurt!
* * * LOW HITPOINT WARNING * * *
You closely miss the gnoll.
The gnoll is severely wounded.
The gnoll hits you with a +0 flail.
You die...

# #...†........##.....#
#....... #
#.................###
#.......
#######...........#
#....... #...........#
###......# #...........#
#.'.....#.
#...........###.#....#.#
#...........'.......#.#.
#......g....###....#.#.#
#......@......#...#.#.#.
#................#.#.#.#
#.........).......#.#.#.
#########.....#....#.#.#
#.....##....#.#.
#.....###....#.# #.....#
##....#.
#.....#####..).#
#..........#....


You could see a gnoll.

Vanquished Creatures
  A gnoll (D:3)
  An adder (D:2)
  A dart slug (D:1)
  2 ribbon worms (D:2)
  2 bats
  3 endoplasms
  2 giant cockroaches (D:1)
  3 hobgoblins
  3 ball pythons
  2 frilled lizards (D:1)
  2 goblins (D:1)
  3 kobolds
  7 rats
32 creatures vanquished.

Notes
Turn   | Place    | Note
-------+----------+-------------------------------------------
     0 | D:1      | CougarLife the Gargoyle Earth Elementalist began the quest
                  | for the Orb.
     0 | D:1      | Reached XP level 1. HP: 10/10 MP: 3/3
   185 | D:1      | Reached XP level 2. HP: 15/15 MP: 3/5
   280 | D:1      | Found a faded altar of an unknown god.
   507 | D:1      | Reached skill level 4 in Earth Magic
   666 | D:1      | Found Jikh's Magic Scroll Shoppe.
   674 | D:1      | Bought a scroll of identify for 22 gold pieces
   884 | D:2      | Found a radiant altar of Vehumet.
   896 | D:2      | Reached XP level 3. HP: 19/19 MP: 3/6
   898 | D:2      | Became a worshipper of Vehumet
  1301 | D:2      | Identified the +4 short sword "Tuiboone" {pain, Fly rN++
                  | Will- Str+3}
  1699 | D:2      | Learned a level 3 spell: Stone Arrow
  1714 | D:2      | Slain by a gnoll

Illustrated notes

Levels and vault maps discovered:
D:1:      ebering_trefoil_3fold, layout_loops_ring, serial_aquarium,
          aquarium_bridge_straight [aquarium_subvault_bridge,
          aquarium_subvault_window, aquarium_subvault_bridge,
          aquarium_subvault_balcony], aquarium_window_fake, aquarium_window_2,
          aquarium_view_2d, aquarium_view_2c, aquarium_pool_2, serial_shops,
          shop, dreamdust_ecumenical_altar_statues
D:2:      layout_basic, basic_altar, hex_tiny, nicolae_the_louvre
D:3:      layout_loops_ring, xom_confusion_cloud,
          mainiacjoe_overflow_six_doors_small, mainiacjoe_overflow_tiny_flanked,
          minivault_19, uniq_natasha, uniq_terence

Skill      XL: |  1  2 |
---------------+-------+-----
Earth Magic    | 4 |  4.4
Conjurations   | 2 |  2.3
Dodging        | |  1.5
Stealth        | |  2.1
Spellcasting   | |  2.7

Action                     || total
---------------------------++-------
  Melee: Unarmed           ||     3
         Dagger            ||     4
   Cast: Sandblast         ||    43
         Stone Arrow       ||     1
   Stab: Sleeping          ||     1
 Armour: Robe              ||    19
  Dodge: Dodged            ||    14

Table legend: (Time is in decaauts)
 A = Elapsed time spent in this place.
 B = Non-inter-level travel time spent in this place.
 C = Inter-level travel time spent in this place.
 D = Time resting spent in this place.
 E = Time spent auto-exploring this place.
 F = Levels seen in this place.
 G = Mean time per level.
                   A        B        C        D        E       F      G
               +--------+--------+--------+--------+--------+-----+--------+
         Total |   1736 |   1584 |    152 |    175 |   1186 |   3 |  578.7 |
       Dungeon |   1736 |   1584 |    152 |    175 |   1186 |   3 |  578.7 |
               +--------+--------+--------+--------+--------+-----+--------+

Top non-repeatable levels by time:
     D:1: 894 daAuts
     D:2: 830 daAuts
     D:3: 11 daAuts
